Map: Ascension vers Aïur EC

Players

uThermal - Winner!

  • Race: Terran Terran
  • Spawn Location: 11:00

ShaDoWn

  • Race: Protoss Protoss
  • Spawn Location: 5:00

Event: WCS Jonkoping 2017

VOD

Have the link to the VOD?

Description

Time

  • Played on: June 17, 2017, 9:51 a.m.
  • Length: 12:43

All games in this series

Show
View Real Time Build Order
Export as new Build Order

uThermal Terran - Winner!

Build Orders: Command Center First (CC), MMM Bio 

Get SALT Encoding   

  12  0:01  SCV  
  13  0:13  SCV  
  14  0:17  Supply Depot  
  14  0:25  SCV  
  15  0:38  SCV  
  16  0:51  SCV  
  17  1:00  Command Center  
  17  1:04  SCV  
  18  1:13  Barracks  
  18  1:17  SCV  
  19  1:27  Barracks  
  19  1:30  SCV  
  20  1:43  SCV  
  20  1:45  Barracks  
  21  1:55  SCV  
  22  2:02  Marine  
  22  2:07  Orbital Command  
  23  2:12  Orbital Command  
  23  2:14  Marine  
  24  2:20  Marine  
  25  2:24  Refinery  
  25  2:26  Refinery  
  25  2:32  SCV  
  25  2:34  Marine x2  
  28  2:38  SCV, Marine  
  30  2:45  SCV  
  30  2:50  Supply Depot  
  31  2:52  SCV  
  31  2:54  Barracks Tech Lab, Marine  
  31  2:56  Marine  
  31  2:57  SCV  
  35  3:04  SCV  
  36  3:09  SCV  
  36  3:12  Engineering Bay  
  37  3:13  Marine x2  
  37  3:14  Stimpack  
  37  3:15  Marine  
  37  3:16  SCV  
  41  3:21  Supply Depot  
  41  3:23  SCV  
  42  3:28  SCV  
  42  3:31  Marine  
  42  3:32  Barracks Reactor  
  42  3:33  Barracks Reactor  
  44  3:35  SCV  
  44  3:38  Missile Turret  
  44  3:41  Missile Turret  
  45  3:42  SCV  
  45  3:45  Supply Depot  
  46  3:49  Marine  
  47  3:56  Factory  
  47  3:57  SCV x2  
  49  4:05  Bunker  
  49  4:08  Marine  
  49  4:09  Marine, SCV, Supply Depot  
  51  4:12  Terran Infantry Weapons Level 1  
  51  4:15  Refinery  
  51  4:18  SCV, Marine  
  51  4:21  Marine x2  
  55  4:28  SCV  
  55  4:29  Marine x2  
  55  4:30  SCV  
  59  4:36  Marine  
  60  4:40  SCV, Starport, Factory Reactor  
  60  4:42  SCV  
  60  4:43  Supply Depot  
  62  4:46  Marine  
  62  4:48  Marine  
  62  4:51  Marine x2  
  62  4:52  SCV  
  66  4:54  Marine, SCV  
  67  5:04  SCV  
  67  5:06  Marine  
  67  5:07  SCV, Marine  
  68  5:12  Supply Depot  
  69  5:14  Combat Shields  
  69  5:15  Marine  
  69  5:16  Marauder, SCV  
  69  5:19  SCV  
  73  5:28  Medivac x2  
  77  5:29  SCV  
  77  5:31  SCV  
  77  5:34  Marine x2  
  80  5:38  Supply Depot  
  80  5:40  Marine  
  80  5:41  Marauder, SCV  
  83  5:58  SCV, Medivac  
  83  5:59  Medivac  
  83  6:02  Supply Depot  
  88  6:05  Marine x2  
  88  6:07  Command Center  
  88  6:08  Terran Infantry Armor Level 1  
  88  6:11  SCV x2  
  91  6:13  Marine  
  93  6:21  Supply Depot  
  93  6:22  Marine  
  93  6:24  Marine x2, SCV  
  97  6:29  Refinery  
  97  6:36  Concussive Shells  
  97  6:37  Barracks  
  97  6:38  Barracks  
  98  6:40  SCV x2  
  98  6:43  Marine x2  
  101  6:51  Marine x3  
  101  6:52  SCV x2  
  106  7:02  Marine  
  106  7:04  SCV x2  
  106  7:06  Marine  
  110  7:10  Marauder  
  110  7:11  Widow Mine  
  109  7:16  SCV  
  109  7:19  Marine, SCV  
  112  7:23  Liberator, Supply Depot  
  112  7:25  Liberator, Armory  
  112  7:26  Engineering Bay  
  112  7:27  Barracks Reactor, Barracks Tech Lab  
  112  7:28  SCV  
  114  7:34  Orbital Command  
  114  7:35  SCV  
  112  7:40  SCV  
  112  7:43  Marine  
  120  7:45  Marine  
  120  7:47  Marine  
  120  7:48  Marauder  
  119  8:03  Marine  
  119  8:04  Marauder  
  110  8:06  Marine  
  110  8:08  Sensor Tower  
  110  8:09  Liberator, Marauder  
  110  8:10  Marine  
  110  8:12  Liberator  
  107  8:16  Marine  
  108  8:20  Terran Infantry Armor Level 2, Terran Infantry Weapons Level 2  
  108  8:22  Marine x2  
  108  8:23  Widow Mine  
  108  8:25  Marauder  
  115  8:30  Marine  
  115  8:31  Marauder  
  121  8:34  Marine  
  121  8:35  Marine, Supply Depot  
  121  8:36  Supply Depot  
  121  8:37  Marine  
  121  8:40  Marine  
  121  8:41  Marine  
  124  8:47  Marauder, Marine  
  126  8:51  Widow Mine  
  126  8:52  Liberator, Marine, Marauder  
  126  8:53  Marine  
  126  8:54  Orbital Command, Marine  
  117  9:04  Marine x2  
  117  9:08  Marauder  
  121  9:14  Marauder, Marine x2  
  125  9:20  Widow Mine  
  125  9:22  Marine x2  
  125  9:23  Marine  
  128  9:29  Marauder, Medivac  
  130  9:32  Missile Turret, Supply Depot  
  130  9:35  Marauder, Marine x2  
  132  9:48  Widow Mine  
  132  9:51  Marauder, Marine x2  
  132  9:52  Medivac  
  140  9:53  Marine x3  
  140  9:54  Marine, Missile Turret  
  140  9:55  Missile Turret  
  140  9:56  Marauder  
  140  9:59  Medivac  
  147  10:08  Marine  
  147  10:09  Marine  
  147  10:11  Marine x2  
  147  10:12  Marauder  
  151  10:16  Marine  
  151  10:18  Marauder  
  153  10:23  Marine  
  153  10:26  Marine  
  155  10:30  Supply Depot  
  155  10:33  Supply Depot  
  155  10:34  Marauder, Liberator x2  
  157  10:38  Supply Depot  
  157  10:42  Supply Depot  
  157  10:43  Supply Depot  
  157  10:52  Marauder  
  157  10:54  Marine, Factory Reactor  
  157  10:55  Marauder  
  167  11:00  Marine  
  168  11:13  Marauder  
  168  11:16  Marauder  
  160  11:24  Marine x2  
  160  11:25  Marine  
  120  11:35  Marauder  
  120  11:37  Marine x3  
  120  11:38  Marauder  
  121  11:44  Marine x2  
  122  11:48  Marine  
  121  11:55  Marine  
  121  11:56  Marauder  
  121  11:59  Marauder, Marine x2  
  128  12:07  Widow Mine x2  
  129  12:17  Marauder  
  129  12:18  Marine  
  129  12:20  Marauder  
  129  12:22  Marine x2  
Show
View Real Time Build Order
Export as new Build Order

ShaDoWn Protoss 

Build Orders: 1 Gate Expand, Blink Stalkers 

Get SALT Encoding   

  12  0:00  Probe (Chrono Boost)  
  13  0:11  Probe (Chrono Boost)  
  14  0:17  Pylon  
  14  0:22  Probe (Chrono Boost)  
  15  0:35  Probe (Chrono Boost)  
  16  0:36  Gateway  
  16  0:45  Probe (Chrono Boost)  
  16  0:47  Assimilator  
  17  0:56  Probe (Chrono Boost)  
  18  1:07  Probe (Chrono Boost)  
  19  1:17  Nexus  
  19  1:21  Probe (Chrono Boost)  
  20  1:30  Cybernetics Core  
  20  1:34  Probe (Chrono Boost)  
  20  1:39  Assimilator  
  21  1:44  Probe (Chrono Boost)  
  22  1:48  Pylon  
  22  1:55  Probe (Chrono Boost)  
  23  2:06  Probe (Chrono Boost), Stalker  
  23  2:07  Warp Gate  
  26  2:17  Probe (Chrono Boost)  
  27  2:26  Twilight Council  
  27  2:28  Probe (Chrono Boost)  
  28  2:31  Probe (Chrono Boost)  
  28  2:36  Stalker  
  31  2:38  Probe (Chrono Boost)  
  31  2:41  Probe (Chrono Boost)  
  33  2:49  Probe (Chrono Boost)  
  34  2:52  Probe (Chrono Boost)  
  35  2:59  Probe (Chrono Boost)  
  35  3:01  Probe (Chrono Boost)  
  35  3:03  Blink (Chrono Boost)  
  37  3:14  Gateway  
  37  3:15  Gateway  
  37  3:18  Probe, Gateway  
  37  3:21  Probe  
  37  3:27  Stalker  
  41  3:29  Probe  
  41  3:33  Pylon  
  42  3:37  Mothership Core  
  42  3:40  Probe  
  45  3:50  Probe  
  46  4:00  Nexus  
  46  4:01  Probe  
  47  4:14  Stalker x3  
  53  4:17  Probe  
  53  4:18  Pylon  
  53  4:20  Assimilator  
  53  4:23  Pylon  
  54  4:36  Stalker  
  54  4:37  Stalker x2  
  60  4:38  Stalker  
  60  4:42  Probe x2 (Chrono Boost)  
  64  4:47  Pylon  
  64  4:52  Probe (Chrono Boost)  
  65  4:55  Probe (Chrono Boost)  
  65  4:57  Assimilator  
  66  5:03  Probe (Chrono Boost)  
  66  5:05  Probe (Chrono Boost)  
  68  5:11  Charge  
  68  5:13  Probe (Chrono Boost), Robotics Facility  
  69  5:15  Probe (Chrono Boost)  
  69  5:16  Probe (Chrono Boost)  
  71  5:22  Sentry  
  71  5:24  Probe (Chrono Boost)  
  71  5:25  Probe (Chrono Boost)  
  71  5:26  Probe (Chrono Boost)  
  76  5:34  Probe (Chrono Boost)  
  77  5:36  Probe (Chrono Boost), Gateway  
  77  5:37  Probe (Chrono Boost)  
  77  5:38  Gateway  
  77  5:41  Gateway  
  79  5:45  Probe (Chrono Boost)  
  79  5:46  Probe (Chrono Boost)  
  79  5:47  Probe (Chrono Boost)  
  82  5:53  Zealot, Sentry x2  
  82  5:55  Probe (Chrono Boost)  
  82  5:56  Probe (Chrono Boost)  
  90  5:57  Probe (Chrono Boost)  
  90  6:00  Warp Prism (Chrono Boost)  
  93  6:05  Pylon  
  93  6:08  Forge, Pylon  
  93  6:14  Pylon  
  93  6:18  Pylon  
  93  6:21  Pylon  
  93  6:24  Pylon  
  93  6:29  Zealot x2  
  93  6:30  Zealot x2  
  105  6:32  Probe  
  105  6:33  Probe, Immortal (Chrono Boost)  
  105  6:34  Probe  
  108  6:41  Forge  
  108  6:46  Zealot x2, Pylon x2  
  112  6:49  Forge  
  112  6:58  Robotics Bay  
  112  6:59  Zealot  
  114  7:02  Pylon  
  114  7:05  Assimilator  
  112  7:09  Assimilator  
  112  7:15  Zealot  
  112  7:16  Zealot x4  
  112  7:17  Observer (Chrono Boost)  
  112  7:22  Protoss Ground Weapons Level 1 (Chrono Boost)  
  123  7:26  Probe x3  
  126  7:31  Robotics Facility  
  126  7:38  Probe x2  
  126  7:39  Stalker x3  
  126  7:42  Pylon  
  131  7:57  Colossus  
  125  8:11  Probe  
  120  8:14  Stalker x4  
  120  8:18  Pylon  
  121  8:37  Stalker x5  
  104  9:08  Zealot, Stalker x3  
  104  9:09  Zealot  
  111  9:23  Disruptor  
  109  9:36  Protoss Ground Armor Level 1 (Chrono Boost)  
  109  9:38  Nexus  
  109  9:40  Probe  
  109  9:41  Probe  
  111  9:47  Pylon  
  110  9:53  Probe x2, Colossus  
  114  10:21  Protoss Ground Weapons Level 2 (Chrono Boost)  
  114  10:28  Stalker  
  114  10:29  Zealot x4, Stalker  
  126  10:45  Stalker  
  126  10:46  Disruptor  
  131  11:09  Zealot x4  
  131  11:10  Zealot  
  131  11:22  Colossus (Chrono Boost)  
  83  11:38  Stalker x7  
  75  12:01  Zealot  
  75  12:02  Zealot x6  
  59  12:27  Sentry x2  
  59  12:28  Sentry x5  
Tags
 
Add a new tag
Caveats
  • Supply blocks, unpowered buildings, or Contaminate may cause inaccurate times.
  • Supply counts are checked every 10 seconds.